 Dungeon Crawl Stone Soup version 0.29.0-4-gdea44cf6ec (webtiles) character file.

Game seed: 8790320329219189830

12440 qw the Brawler (level 11, 0/105 HPs)
             Began as a Troll Cinder Acolyte on Sept 1, 2022.
             Was an Initiate of Ignis.
             Slain by a ten-headed hydra (5 damage)
             ... on level 3 of the Lair of Beasts.
             The game lasted 00:04:35 (7946 turns).

qw the Brawler (Troll Cinder Acolyte)               Turns: 7946, Time: 00:04:36

Health: 0/105      AC:  9    Str: 28    XL:     11   Next: 62%
Magic:  0/11       EV:  9    Int: 10    God:    Ignis [......]
Gold:   433        SH:  0    Dex:  5    Spells: 12/12 levels left

rFire   + . .      SeeInvis .     - Unarmed
rCold   . . .      Faith    .   (no shield)
rNeg    + . .      Spirit   +   a - +0 robe
rPois   +          Reflect  .   b - +1 hat of the Enfolding Gods {rN+}
rElec   .          Harm     .   (no cloak)
rCorr   .          Rampage  .   (gloves unavailable)
Will    .....                   (boots unavailable)
Stlth   +.........              j - amulet of guardian spirit
HPRegen 1.07/turn               k - ring of poison resistance
MPRegen 0.12/turn               e - +4 ring of protection

@: no status effects
A: large, unfitting armour, claws 3, regeneration 1, shaggy fur 1, tough skin 1
a: Renounce Religion, Rising Flame


You were on level 3 of the Lair of Beasts.
You worshipped Ignis.
Ignis was noncommittal.
You visited 2 branches of the dungeon, and saw 12 of its levels.

You collected 629 gold pieces.
You spent 196 gold pieces at shops.


Innate Abilities, Weirdness & Mutations

You are too large for most types of armour.
You have claws for hands.
Your natural rate of healing is unusually fast.
You are covered in fur. (AC +1)
You have tough skin. (AC +1)


   Skills:
 + Level 6.2 Fighting
 - Level 6.0 Throwing
 - Level 1.5 Dodging
 - Level 16.0 Unarmed Combat
 - Level 1.0 Spellcasting
 - Level 2.1 Fire Magic


You had 12 spell levels left.
You didn't know any spells.
Your spell library contained the following spells:

 Spells                   Type           Power      Damage    Failure   Level
 Scorch                   Fire           8%         2d5       22%         2

Inventory:

Missiles
 m - 3 silver boomerangs (quivered)
 r - 4 boomerangs
Armour
 a - a +0 robe (worn)
 b - the +1 hat of the Enfolding Gods (worn) {rN+}
   (You acquired it on level 1 of the Dungeon)

   rN:        It protects you from negative energy.
Jewellery
 e - a +4 ring of protection (right claw)
 f - a +6 ring of dexterity
 j - an amulet of guardian spirit (around neck)
 k - a ring of poison resistance (left claw)
 Y - a ring of protection from cold
Scrolls
 c - 3 scrolls of identify
 g - a scroll of brand weapon
 h - 2 scrolls of enchant armour
Potions
 d - 3 potions of curing
 i - 2 potions of haste
 n - a potion of mutation
 s - a potion of might

Dungeon Overview and Level Annotations

Branches:
Dungeon (9/15)             Temple (0/1) D:5            Lair (3/5) D:9
  Swamp (0/4) Lair:3        Snake (0/4) Lair:2
    Orc: D:9-12

Altars:
Cheibriados
Elyvilon
Hepliaklqana
Makhleb
Nemelex Xobeh
Qazlal
Ru
Uskayaw
Vehumet
Zin
The Shining One

Shops:
D:1 [   D:6 *


Message History

You tear one of the six-headed hydra's heads off!
The five-headed hydra grows two more!
You claw the seven-headed hydra!
The seven-headed hydra is heavily wounded.
The seven-headed hydra completely misses you.
The seven-headed hydra barely misses you.
The seven-headed hydra bites you! x2
The seven-headed hydra barely misses you. x2
The seven-headed hydra bites you.
You rip one of the seven-headed hydra's heads off!
The six-headed hydra grows two more!
You scratch the eight-headed hydra. You claw the eight-headed hydra!
The eight-headed hydra is heavily wounded.
You tear one of the eight-headed hydra's heads off!
The seven-headed hydra grows two more!
You claw the nine-headed hydra!
The nine-headed hydra is heavily wounded.
The nine-headed hydra bites you!
The nine-headed hydra barely misses you.
The nine-headed hydra bites you! The nine-headed hydra misses you.
The nine-headed hydra bites you.
The nine-headed hydra barely misses you.
The nine-headed hydra bites you but does no damage. x2
The nine-headed hydra barely misses you.
You barely miss the nine-headed hydra.
The nine-headed hydra is heavily wounded.
The nine-headed hydra bites you!
The nine-headed hydra completely misses you.
The nine-headed hydra bites you but does no damage.
The nine-headed hydra bites you! The nine-headed hydra bites you. x3
The nine-headed hydra bites you but does no damage. x2
You barely miss the nine-headed hydra.
The nine-headed hydra is heavily wounded.
You claw one of the nine-headed hydra's heads off!
The eight-headed hydra grows two more!
You mangle the ten-headed hydra!! You claw the ten-headed hydra.
The ten-headed hydra is severely wounded.
The ten-headed hydra bites you but does no damage.
The ten-headed hydra bites you! The ten-headed hydra bites you.
The ten-headed hydra bites you! x3; The ten-headed hydra barely misses you.
The ten-headed hydra bites you.
You die...

..#..... #
..#.(.... .#
#.#.#.#.# ..
.......## ..
#........ ..
##........ ....
#PD....... ....
#.@......# ...
##...######### ..
#..##.......# #+
##..##......#..###.
#...##......#...#..
#...#.......##.##..
#............#..#..
##...+......##..##.
#..#.#.##.##...##.


You could see a ten-headed hydra.

Vanquished Creatures
  A hydra (Lair:1)
  A two-headed ogre (D:8)
  A centaur warrior (D:9)
  3 elephants (Lair:1)
  6 cane toads (Lair:1)
  A komodo dragon (Lair:1)
  A rime drake (Lair:2)
  Grinder (D:6)
  7 blink frogs
  4 wyverns
  2 yaks (Lair:2)
  A wraith (D:9)
  Edmund (D:6)
  4 nagas (Lair:2)
  An acid dragon (D:5)
  3 water moccasins
  An ice beast (D:8)
  A sky beast (D:7)
  A black bear (D:6)
  4 ogres
  2 orc warriors
  4 wolves (Lair:3)
  5 centaurs
  Blork the orc (D:6)
  5 bullfrogs
  A necrophage (D:6)
  3 gnoll sergeants
  4 scorpions
  10 killer bees
  4 howler monkeys
  A crimson imp (D:8)
  7 hounds
  4 jellies
  3 iguanas (D:6)
  3 orc wizards
  18 gnolls
  12 adders
  A river rat (D:6)
  3 white imps
  2 ufetubi
  5 worms
  2 dart slugs (D:3)
  17 orcs
  11 endoplasms
  3 giant cockroaches
  5 goblins
  3 hobgoblins (D:2)
  8 quokkas
  6 ball pythons
  9 bats
  3 frilled lizards
  3 kobolds (D:2)
  7 rats
220 creatures vanquished.

Vanquished Creatures (others)
  12 plants (D:2)
12 creatures vanquished.

Grand Total: 232 creatures vanquished

Notes
Turn   | Place    | Note
-------+----------+-------------------------------------------
     0 | D:1      | qw the Troll Cinder Acolyte began the quest for the Orb.
     0 | D:1      | Reached XP level 1. HP: 22/22 MP: 1/1
     0 | D:1      | 0 ||| qw: Version: 0.1-a-97-g2dd2ca4
     0 | D:1      | 0 ||| qw: Game counter: 4766
     0 | D:1      | 0 ||| qw: Always use a shield: true
     0 | D:1      | 0 ||| qw: God list: Okawaru
     0 | D:1      | 0 ||| qw: Allow faded altars: false
     0 | D:1      | 0 ||| qw: Do Orc after D:15 true
     0 | D:1      | 0 ||| qw: Do second Lair branch before Depths: true
     0 | D:1      | 0 ||| qw: Lair rune preference: random
     0 | D:1      | 0 ||| qw: Plans: Normal
     0 | D:1      | 0 ||| PLANNING D:1-11
   140 | D:1      | Found Pomeph's Antique Armour Shoppe.
   151 | D:1      | 151 ||| SHOPLISTING faintly glowing cloak (171 gold, have
                  | 0).
   196 | D:1      | Reached XP level 2. HP: 29/29 MP: 2/2
   294 | D:1      | 294 ||| Stepping ~*~*~tactically~*~*~ (stealth).
   503 | D:1      | 503 ||| UPGRADING to ring of protection from cold.
   504 | D:1      | 504 ||| READING scroll labelled FEADEI NOZOO.
   504 | D:1      | Identified a scroll of acquirement
   504 | D:1      | 504 ||| ACQUIRING +1 hat of the Enfolding Gods {rN+}
   504 | D:1      | Acquired the +1 hat of the Enfolding Gods {rN+}
   506 | D:1      | 506 ||| UPGRADING to +1 hat of the Enfolding Gods {rN+}.
   511 | D:1      | 511 ||| READING scroll labelled HUQOUR XOROO.
   512 | D:1      | 512 ||| READING 2 scrolls labelled HEUTOI EMEPE.
   526 | D:1      | 526 ||| READING scroll labelled XIONEOC PIOVEO.
   527 | D:1      | 527 ||| READING scroll labelled OWNO UXTICODDE.
   528 | D:1      | 528 ||| DROPPING scroll of torment.
   529 | D:1      | 529 ||| Stepping randomly (stuck).
   530 | D:1      | 530 ||| Stepping ~*~*~tactically~*~*~ (cloud).
   586 | D:2      | Reached skill level 4 in Unarmed Combat
   631 | D:2      | Found a white marble altar of Elyvilon.
   696 | D:2      | Reached XP level 3. HP: 28/36 MP: 3/3
  1192 | D:2      | Reached XP level 4. HP: 44/44 MP: 4/4
  1206 | D:2      | Reached skill level 5 in Unarmed Combat
  1293 | D:2      | 1293 ||| UPGRADING to +4 ring of protection.
  1294 | D:2      | 1294 ||| DROPPING ring of wizardry.
  1295 | D:2      | 1295 ||| READING scroll labelled XEGASO LUQYA.
  1424 | D:3      | 1424 ||| Stepping ~*~*~tactically~*~*~ (stealth).
  1426 | D:3      | 1426 ||| Stepping ~*~*~tactically~*~*~ (hiding).
  1427 | D:3      | 1427 ||| INVOKING Fiery Armour.
  1431 | D:3      | 1431 ||| Stepping ~*~*~tactically~*~*~ (outnumbered).
  1490 | D:3      | Reached XP level 5. HP: 50/50 MP: 5/5
  1521 | D:3      | Found a faded altar of an unknown god.
  1733 | D:3      | Found a glowing golden altar of the Shining One.
  1815 | D:3      | 1815 ||| Stepping ~*~*~tactically~*~*~ (hiding).
  1817 | D:3      | 1817 ||| Stepping ~*~*~tactically~*~*~ (hiding).
  1822 | D:3      | 1822 ||| Stepping ~*~*~tactically~*~*~ (outnumbered).
  1831 | D:3      | Reached skill level 6 in Unarmed Combat
  1892 | D:3      | 1892 ||| DROPPING ring of ice.
  1893 | D:3      | 1893 ||| READING scroll labelled QISTEY ATHRAWK.
  1894 | D:3      | 1894 ||| READING scroll labelled WIMMAO AMAKK.
  1895 | D:3      | 1895 ||| DRINKING 2 puce potions.
  1946 | D:4      | 1946 ||| Stepping ~*~*~tactically~*~*~ (stealth).
  2011 | D:4      | Reached skill level 1 in Throwing
  2055 | D:4      | Noticed an ogre
  2061 | D:4      | Killed an ogre
  2062 | D:4      | Reached XP level 6. HP: 54/59 MP: 6/6
  2161 | D:4      | 2161 ||| Stepping ~*~*~tactically~*~*~ (stealth).
  2492 | D:4      | 2492 ||| READING scroll labelled FONGOU OBUK.
  2493 | D:4      | 2493 ||| READING scroll labelled BEASIR NYOHOHE.
  2494 | D:4      | 2494 ||| READING scroll labelled SEERCH KISES.
  2495 | D:4      | 2495 ||| DRINKING 2 clear potions.
  2508 | D:5      | Entered Level 5 of the Dungeon
  2511 | D:5      | 2511 ||| STAIRDANCE
  2527 | D:5      | 2527 ||| STAIRDANCE
  2545 | D:5      | Noticed an acid dragon
  2546 | D:5      | 2546 ||| STAIRDANCE
  2554 | D:4      | Reached skill level 7 in Unarmed Combat
  2558 | D:5      | 2558 ||| STAIRDANCE
  2685 | D:5      | 2685 ||| INVOKING Fiery Armour.
  2692 | D:5      | Killed an acid dragon
  2693 | D:5      | Reached XP level 7. HP: 34/66 MP: 7/7
  2693 | D:5      | 2693 ||| FLEEEEING.
  2694 | D:5      | 2694 ||| FLEEEEING.
  2695 | D:5      | 2695 ||| STAIRDANCE
  2731 | D:5      | 2731 ||| STAIRDANCE
  2782 | D:5      | Identified the +7 dagger of Attainder {freeze, *Rage Int+4
                  | Stlth+}
  2810 | D:5      | Reached skill level 8 in Unarmed Combat
  2812 | D:5      | 2812 ||| INVOKING Fiery Armour.
  2815 | D:5      | 2815 ||| Stepping ~*~*~tactically~*~*~ (outnumbered).
  2816 | D:5      | 2816 ||| Stepping ~*~*~tactically~*~*~ (outnumbered).
  2817 | D:5      | 2817 ||| Stepping ~*~*~tactically~*~*~ (outnumbered).
  2820 | D:5      | HP: 15/66 [gnoll/+0 spear[a gnoll sergeant] (5)]
  2821 | D:5      | 2821 ||| DRINKING potion of heal wounds.
  2827 | D:5      | Reached skill level 3 in Fighting
  2836 | D:5      | Reached skill level 3 in Throwing
  3019 | D:5      | Reached XP level 8. HP: 75/75 MP: 8/8
  3115 | D:5      | Found a staircase to the Ecumenical Temple.
  3215 | D:6      | 3215 ||| PLANNING SEWER
  3233 | D:6      | Reached skill level 9 in Unarmed Combat
  3239 | D:6      | Reached skill level 1 in Dodging
  3280 | D:6      | Noticed Grinder
  3280 | D:6      | Paralysed by Grinder for 4 turns
  3285 | D:6      | Killed Grinder
  3307 | D:6      | Reached skill level 10 in Unarmed Combat
  3311 | D:6      | Found a hazy altar of Hepliaklqana.
  3317 | D:6      | Found a sacrificial altar of Ru.
  3320 | D:6      | Found a hide-covered altar of Uskayaw.
  3320 | D:6      | Found a snail-covered altar of Cheibriados.
  3325 | D:6      | Noticed Blork the orc
  3326 | D:6      | 3326 ||| Stepping ~*~*~tactically~*~*~ (hiding).
  3337 | D:6      | Killed Blork the orc
  3340 | D:6      | 3340 ||| FLEEEEING.
  3342 | D:6      | 3342 ||| FLEEEEING.
  3343 | D:6      | 3343 ||| FLEEEEING.
  3344 | D:6      | 3344 ||| FLEEEEING.
  3358 | D:6      | Found a glowing silver altar of Zin.
  3478 | D:6      | Noticed Edmund
  3481 | D:6      | 3481 ||| INVOKING Fiery Armour.
  3486 | D:6      | 3486 ||| Stepping ~*~*~tactically~*~*~ (outnumbered).
  3487 | D:6      | 3487 ||| Stepping ~*~*~tactically~*~*~ (outnumbered).
  3488 | D:6      | 3488 ||| Stepping ~*~*~tactically~*~*~ (outnumbered).
  3489 | D:6      | 3489 ||| Stepping ~*~*~tactically~*~*~ (outnumbered).
  3490 | D:6      | 3490 ||| Stepping ~*~*~tactically~*~*~ (outnumbered).
  3491 | D:6      | 3491 ||| Stepping ~*~*~tactically~*~*~ (outnumbered).
  3492 | D:6      | 3492 ||| Stepping ~*~*~tactically~*~*~ (outnumbered).
  3493 | D:6      | 3493 ||| Stepping ~*~*~tactically~*~*~ (outnumbered).
  3494 | D:6      | Killed Edmund
  3627 | D:6      | 3627 ||| INVOKING Fiery Armour.
  3632 | D:6      | 3632 ||| Stepping ~*~*~tactically~*~*~ (outnumbered).
  3634 | D:6      | 3634 ||| Stepping ~*~*~tactically~*~*~ (outnumbered).
  3639 | D:6      | 3639 ||| Stepping ~*~*~tactically~*~*~ (outnumbered).
  3641 | D:6      | Reached XP level 9. HP: 74/84 MP: 9/9
  3682 | D:6      | 3682 ||| Stepping ~*~*~tactically~*~*~ (stealth).
  3685 | D:6      | 3685 ||| Stepping ~*~*~tactically~*~*~ (stealth).
  3686 | D:6      | 3686 ||| Stepping ~*~*~tactically~*~*~ (stealth).
  3692 | D:6      | Found Qomugeha's Assorted Antiques.
  3715 | D:6      | 3715 ||| BUYING scroll of identify (68 gold).
  3715 | D:6      | Bought a scroll of identify for 68 gold pieces
  3715 | D:6      | 3715 ||| BUYING scroll of identify (68 gold).
  3715 | D:6      | Bought a scroll of identify for 68 gold pieces
  3715 | D:6      | 3715 ||| BUYING viscous inky potion (30 gold).
  3715 | D:6      | Bought a viscous inky potion for 30 gold pieces
  3715 | D:6      | 3715 ||| BUYING viscous white potion (30 gold).
  3715 | D:6      | Bought a viscous white potion for 30 gold pieces
  3750 | D:6      | Reached skill level 11 in Unarmed Combat
  3796 | D:6      | Found a glowing drain.
  3797 | D:6      | 3797 ||| DROPPING +1 hat.
  3798 | D:6      | 3798 ||| READING scroll labelled MULETU PACUB.
  3802 | D:6      | 3802 ||| DRINKING 2 viscous inky potions.
  3803 | D:6      | 3803 ||| READING 3 scrolls of identify.
  3803 | D:6      | 3803 ||| IDENTIFYING pink potion
  3804 | D:6      | 3804 ||| READING 2 scrolls of identify.
  3804 | D:6      | 3804 ||| IDENTIFYING inky potion
  3805 | D:6      | 3805 ||| DROPPING potion of ambrosia.
  3806 | D:6      | 3806 ||| DROPPING potion of flight.
  3807 | D:6      | 3807 ||| DROPPING potion of invisibility.
  3819 | D:6      | 3819 ||| RIP SEWER
  3841 | D:6      | 3841 ||| PLANNING D:1-11
  3979 | D:7      | 3979 ||| Stepping ~*~*~tactically~*~*~ (stealth).
  4063 | D:7      | 4063 ||| Stepping ~*~*~tactically~*~*~ (stealth).
  4151 | D:7      | Found a stormy altar of Qazlal.
  4191 | D:7      | 4191 ||| Stepping ~*~*~tactically~*~*~ (stealth).
  4330 | D:7      | 4330 ||| Stepping ~*~*~tactically~*~*~ (hiding).
  4331 | D:7      | 4331 ||| Stepping ~*~*~tactically~*~*~ (hiding).
  4334 | D:7      | 4334 ||| Stepping ~*~*~tactically~*~*~ (hiding).
  4342 | D:7      | 4342 ||| Stepping ~*~*~tactically~*~*~ (outnumbered).
  4345 | D:7      | 4345 ||| Stepping ~*~*~tactically~*~*~ (outnumbered).
  4470 | D:7      | 4470 ||| INVOKING Fiery Armour.
  4474 | D:7      | 4474 ||| Stepping ~*~*~tactically~*~*~ (outnumbered).
  4482 | D:7      | Reached skill level 12 in Unarmed Combat
  4635 | D:7      | 4635 ||| READING scroll labelled ULASHIE KOOGG.
  4636 | D:7      | 4636 ||| DRINKING 2 viscous grey potions.
  4637 | D:7      | 4637 ||| DRINKING 2 lumpy black potions.
  4638 | D:7      | 4638 ||| DRINKING 2 grey potions.
  4639 | D:7      | 4639 ||| READING 3 scrolls of identify.
  4639 | D:7      | 4639 ||| IDENTIFYING fuming black potion
  4640 | D:7      | 4640 ||| READING 2 scrolls of identify.
  4640 | D:7      | 4640 ||| IDENTIFYING smoky golden potion
  4641 | D:7      | 4641 ||| DROPPING potion of attraction.
  4642 | D:7      | 4642 ||| DROPPING potion of magic.
  4643 | D:7      | 4643 ||| DROPPING potion of degeneration.
  4703 | D:8      | 4703 ||| Stepping ~*~*~tactically~*~*~ (stealth).
  4705 | D:8      | 4705 ||| Stepping ~*~*~tactically~*~*~ (hiding).
  4972 | D:8      | Found a burning altar of Makhleb.
  4973 | D:8      | Found a radiant altar of Vehumet.
  5001 | D:8      | Noticed a two-headed ogre
  5006 | D:8      | Killed a two-headed ogre
  5007 | D:8      | Reached XP level 10. HP: 76/96 MP: 10/10
  5093 | D:8      | 5093 ||| INVOKING Fiery Armour.
  5096 | D:8      | 5096 ||| Stepping ~*~*~tactically~*~*~ (outnumbered).
  5097 | D:8      | 5097 ||| Stepping ~*~*~tactically~*~*~ (outnumbered).
  5098 | D:8      | 5098 ||| Stepping ~*~*~tactically~*~*~ (outnumbered).
  5099 | D:8      | 5099 ||| Stepping ~*~*~tactically~*~*~ (outnumbered).
  5327 | D:8      | 5327 ||| READING 2 scrolls of identify.
  5327 | D:8      | 5327 ||| IDENTIFYING purple potion
  5328 | D:8      | 5328 ||| DROPPING potion of brilliance.
  5498 | D:9      | 5498 ||| Stepping ~*~*~tactically~*~*~ (stealth).
  5506 | D:9      | 5506 ||| INVOKING Fiery Armour.
  5566 | D:9      | Reached skill level 13 in Unarmed Combat
  5609 | D:9      | 5609 ||| INVOKING Fiery Armour.
  5613 | D:9      | Noticed a centaur warrior
  5614 | D:9      | 5614 ||| Stepping ~*~*~tactically~*~*~ (outnumbered).
  5615 | D:9      | 5615 ||| Stepping ~*~*~tactically~*~*~ (outnumbered).
  5616 | D:9      | 5616 ||| Stepping ~*~*~tactically~*~*~ (outnumbered).
  5625 | D:9      | HP: 22/96 [centaur warrior (3)]
  5626 | D:9      | 5626 ||| READING scroll of teleportation.
  5628 | D:9      | Killed a centaur warrior
  5629 | D:9      | 5629 ||| Stepping ~*~*~tactically~*~*~ (outnumbered).
  5630 | D:9      | HP: 13/96 [poisoned by a killer bee]
  5718 | D:9      | Found a sparkling altar of Nemelex Xobeh.
  5762 | D:9      | Found a staircase to the Lair.
  5814 | D:9      | 5814 ||| Stepping ~*~*~tactically~*~*~ (outnumbered).
  5815 | D:9      | 5815 ||| Stepping ~*~*~tactically~*~*~ (outnumbered).
  6080 | D:9      | 6080 ||| PLANNING LAIR
  6080 | D:9      | 6080 ||| UPGRADING to amulet of guardian spirit.
  6085 | D:9      | 6085 ||| DRINKING 2 viscous white potions.
  6130 | D:9      | 6130 ||| DROPPING potion of lignification.
  6168 | Lair:1   | Entered Level 1 of the Lair of Beasts
  6186 | Lair:1   | Reached skill level 14 in Unarmed Combat
  6225 | Lair:1   | Noticed an elephant
  6225 | Lair:1   | Noticed an elephant
  6228 | Lair:1   | Noticed an elephant
  6229 | Lair:1   | Noticed a cane toad
  6231 | Lair:1   | 6231 ||| Stepping ~*~*~tactically~*~*~ (outnumbered).
  6232 | Lair:1   | 6232 ||| Stepping ~*~*~tactically~*~*~ (outnumbered).
  6233 | Lair:1   | 6233 ||| Stepping ~*~*~tactically~*~*~ (outnumbered).
  6234 | Lair:1   | 6234 ||| Stepping ~*~*~tactically~*~*~ (outnumbered).
  6235 | Lair:1   | 6235 ||| Stepping ~*~*~tactically~*~*~ (outnumbered).
  6239 | Lair:1   | Killed an elephant
  6243 | Lair:1   | Killed an elephant
  6244 | Lair:1   | Reached skill level 6 in Fighting
  6245 | Lair:1   | 6245 ||| INVOKING Fiery Armour.
  6249 | Lair:1   | Killed an elephant
  6252 | Lair:1   | Killed a cane toad
  6351 | Lair:1   | Noticed a cane toad
  6356 | Lair:1   | Killed a cane toad
  6357 | Lair:1   | Reached XP level 11. HP: 104/105 MP: 11/11
  6400 | Lair:1   | Noticed a five-headed hydra
  6401 | Lair:1   | 6401 ||| INVOKING Fiery Armour.
  6407 | Lair:1   | Killed a seven-headed hydra
  6466 | Lair:1   | Reached skill level 15 in Unarmed Combat
  6518 | Lair:1   | 6518 ||| INVOKING Fiery Armour.
  6592 | Lair:1   | Identified the +4 hand axe of the Healing Messenger
                  | {freeze, rN+}
  6724 | Lair:1   | Identified the +5 spear "Starlight" {freeze, *Rage rElec
                  | Str+7 SInv}
  7021 | Lair:1   | 7021 ||| UPGRADING to ring of poison resistance.
  7023 | Lair:1   | 7023 ||| READING 2 scrolls of identify.
  7023 | Lair:1   | 7023 ||| IDENTIFYING murky ruby potion
  7051 | Lair:2   | 7051 ||| Stepping ~*~*~tactically~*~*~ (hiding).
  7054 | Lair:2   | 7054 ||| Stepping ~*~*~tactically~*~*~ (hiding).
  7063 | Lair:2   | 7063 ||| FLEEEEING.
  7066 | Lair:2   | 7066 ||| FLEEEEING.
  7068 | Lair:2   | 7068 ||| FLEEEEING.
  7069 | Lair:2   | 7069 ||| FLEEEEING.
  7072 | Lair:2   | 7072 ||| Stepping ~*~*~tactically~*~*~ (hiding).
  7074 | Lair:2   | 7074 ||| Stepping ~*~*~tactically~*~*~ (hiding).
  7077 | Lair:2   | 7077 ||| Stepping ~*~*~tactically~*~*~ (hiding).
  7094 | Lair:2   | Reached skill level 6 in Throwing
  7135 | Lair:2   | Found a staircase to the Snake Pit.
  7210 | Lair:2   | 7210 ||| Stepping ~*~*~tactically~*~*~ (stealth).
  7211 | Lair:2   | 7211 ||| Stepping ~*~*~tactically~*~*~ (stealth).
  7212 | Lair:2   | 7212 ||| Stepping ~*~*~tactically~*~*~ (stealth).
  7214 | Lair:2   | 7214 ||| Stepping ~*~*~tactically~*~*~ (stealth).
  7216 | Lair:2   | 7216 ||| Stepping ~*~*~tactically~*~*~ (stealth).
  7217 | Lair:2   | 7217 ||| Stepping ~*~*~tactically~*~*~ (stealth).
  7413 | Lair:2   | 7413 ||| INVOKING Fiery Armour.
  7773 | Lair:2   | 7773 ||| DROPPING ring of positive energy.
  7788 | Lair:3   | Found a staircase to the Swamp.
  7828 | Lair:3   | Reached skill level 16 in Unarmed Combat
  7936 | Lair:3   | Noticed a six-headed hydra
  7946 | Lair:3   | HP: 21/105 [ten-headed hydra (13)]
  7946 | Lair:3   | HP: 5/105 [ten-headed hydra (8)]
  7946 | Lair:3   | Slain by a ten-headed hydra

Levels and vault maps discovered:
D:1:      dpeg_arrival_long_road, layout_basic, serial_shops, shop,
          corexii_corridor_pit
D:2:      layout_basic, serial_bayou, serial_bayou_shore_a, serial_bayou_pond_a,
          serial_bayou_ford_a, serial_bayou_crossing, basic_altar
D:3:      layout_basic, general_overflow_altar,
          hellmonk_ecumenical_altar_blasted, serial_bayou_pond_a,
          minmay_box_of_dots
D:4:      layout_basic, chequers_serial_rivers_small_b
D:5:      layout_cave_pools, minmay_temple_entry_statues, minmay_misc_feat_five
D:6:      layout_rooms, nicolae_overflow_hallway_of_the_gods,
          gup_sewer_entry_bubbles, serial_shops, nicolae_shop_statue_plus,
          uniq_edmund, uniq_blork_the_orc, uniq_grinder
D:7:      layout_rooms, nicolae_overflow_crystal_walls, minmay_misc_feat_room,
          kennysheep_generic_room_5
D:8:      layout_basic, grunt_temple_overflow_lords_of_destruction,
          kennysheep_crisscross, kennysheep_generic_room_6
D:9:      layout_long_grid, nemelex_xobeh_ov_fountains_minmay, lair_entry_dummy
Lair:1:   layout_cave_shapes
Lair:2:   layout_chaotic_city, minmay_snake_entry_guardpost_small, wad_woods_06,
          guppyfry_lair_drakes
Lair:3:   layout_regular_city, swamp_mist, uniq_snorg

Skill      XL: |  1  2  3  4  5  6  7  8  9 10 11 |
---------------+----------------------------------+-----
Unarmed Combat | 4 5 6 7 8 10 12 14 16 | 16.0
Throwing       | 2 3 5 6 |  6.0
Fighting       | 3 4 5 6 |  6.2
Dodging        | 1 |  1.5
Spellcasting   | |  1.0
Fire Magic     | |  2.1

Action                   |  1- 3 |  4- 6 |  7- 9 | 10-12 || total
-------------------------+-------+-------+-------+-------++-------
Melee: Unarmed           |    95 |   117 |   190 |   159 ||   561
       Punch             |       |     2 |    11 |    11 ||    24
Throw: Boomerang         |    14 |       |    15 |    55 ||    84
       Large rock        |       |    11 |    43 |    16 ||    70
Invok: Fiery Armour      |       |     2 |     4 |     7 ||    13
  Use: Scroll            |     5 |     6 |     6 |     3 ||    20
       Potion            |       |     2 |     5 |     1 ||     8
Armor: Robe              |    27 |    58 |    85 |    95 ||   265
Dodge: Dodged            |    28 |    54 |    84 |    90 ||   256

Table legend:
 A = Non-vault XP
 B = Vault XP
 C = Vault XP percentage of total XP
 D = Non-vault monster count
 E = Vault monster count
 F = Vault count percentage of total count
                 A         B        C        D         E       F
            +---------+---------+-------+---------+---------+-------
      Total |   15734 |    2038 |  11.5 |     196 |      24 |  10.9
            +---------+---------+-------+---------+---------+-------
        D:1 |      27 |       0 |   0.0 |      16 |       0 |   0.0
        D:2 |      84 |       0 |   0.0 |      27 |       0 |   0.0
        D:3 |     150 |       3 |   2.0 |      22 |       2 |   8.3
        D:4 |     385 |       0 |   0.0 |      13 |       0 |   0.0
        D:5 |     798 |       0 |   0.0 |      15 |       0 |   0.0
        D:6 |    1101 |     582 |  34.6 |      25 |      11 |  30.6
        D:7 |     841 |     305 |  26.6 |      15 |       3 |  16.7
        D:8 |    1981 |      63 |   3.1 |      19 |       2 |   9.5
        D:9 |    2259 |       0 |   0.0 |      18 |       0 |   0.0
     Lair:1 |    6122 |       0 |   0.0 |      16 |       0 |   0.0
     Lair:2 |    1271 |    1085 |  46.1 |       5 |       6 |  54.5
     Lair:3 |     715 |       0 |   0.0 |       5 |       0 |   0.0
            +---------+---------+-------+---------+---------+-------
